 Dungeon Crawl Stone Soup version 0.30-a0-702-gdf48620a09 (webtiles) character file.

Game seed: 423092140393438117

51143 quinnr the Stormcaller (level 14, 0/132 HPs)
             Began as a Naga Air Elementalist on Jan 22, 2023.
             Was a Priest of Sif Muna.
             Slain by an eight-headed hydra (4 damage)
             ... on level 4 of the Lair of Beasts.
             The game lasted 01:29:23 (23003 turns).

quinnr the Stormcaller (Naga Air Elementalist)     Turns: 23003, Time: 01:29:24

Health: 0/132      AC: 18    Str: 10    XL:     14   Next: 58%
Magic:  32/32      EV: 17    Int: 21    God:    Sif Muna [***...]
Gold:   871        SH:  0    Dex: 14    Spells: 9/26 levels left

rFire   + . .      SeeInvis +    A - staff of fire {!a}
rCold   . . .      Faith    .    (no shield)
rNeg    + + +      Spirit   .    a - +0 robe
rPois   +          Reflect  .    o - +0 helmet
rElec   .          Harm     .    G - +0 cloak
rCorr   .          Rampage  .    i - +2 pair of gloves
Will    .....                    R - +2 barding of Beauty {rN++}
Stlth   +++                      n - amulet of Vitality {RegenMP++ Regen++}
HPRegen 2.02/turn                M - ring of magical power
MPRegen 1.03/turn                l - ring of Ashenzari's Favour {rN+ Will- EV+5 Int+2}

@: studying Shields, invisible, very slow
A: AC +4, large, see invisible, deformed body, poison resistance, slowness 2,
spit poison 1, naga tail 2
a: Spit Poison, Renounce Religion, Channel Magic, Forget Spell


You were on level 4 of the Lair of Beasts.
You worshipped Sif Muna.
Sif Muna was most pleased with you.
You visited 3 branches of the dungeon, and saw 19 of its levels.

You collected 1527 gold pieces.
You spent 656 gold pieces at shops.


Innate Abilities, Weirdness & Mutations

Your serpentine skin is tough. (AC +4)
You have supernaturally acute eyesight. (SInv)
Armour fits poorly on your strangely shaped body.
Your system is resistant to poisons. (rPois)
You cover ground very slowly.
You can spit poison.
You can use your snake-like lower body to constrict enemies.


   Skills:
 - Level 10.0 Fighting
 - Level 3.0 Ranged Weapons
 - Level 4.0 Armour
 - Level 10.0 Dodging
 - Level 7.0 Stealth
 + Level 6.5 Spellcasting
 + Level 2.8 Conjurations
 + Level 16.2 Air Magic
 - Level 6.0 Invocations
 - Level 4.0 Evocations


You had 9 spell levels left.
You knew the following spells:

 Your Spells              Type           Power      Damage    Failure   Level
a - Airstrike             Air            33%        2d(5-21)  1%          4
i - Swiftness             Air            66%        N/A       1%          3
p - Poisonous Vapours     Pois/Air       80%        N/A       1%          2
t - Static Discharge      Conj/Air       92%        2-6/arc   1%          2
z - Shock                 Conj/Air       100%       1d9       1%          1
X - Arcjolt               Conj/Air       23%        1d33      5%          5

Your spell library contained the following spells:

 Spells                   Type           Power      Damage    Failure   Level
 Foxfire                  Conj/Fire      76%        2x1d7     5%          1
 Kiss of Death            Conj/Necr      48%        2d9       5%          1
 Sting                    Tmut/Pois      24%        1d4       10%         1
 Silence                  Hex/Air        20%        N/A       10%         5
 Lesser Beckoning         Tloc           12%        N/A       14%         2
 Scorch                   Fire           20%        2d6       14%         2
 Dazzling Flash           Conj/Hex       24%        N/A       16%         3
 Stone Arrow              Conj/Erth      24%        3d8       16%         3
 Confusing Touch          Hex            6%         N/A       28%         3
 Gell's Gravitas          Tloc           6%         N/A       28%         3
 Inner Flame              Hex/Fire       10%        N/A       28%         3
 Portal Projectile        Hex/Tloc       12%        N/A       28%         3
 Teleport Other           Tloc           6%         N/A       28%         3
 Tukima's Dance           Hex            6%         N/A       28%         3
 Flame Wave               Conj/Fire      19%        2d7       45%         4
 Sticky Flame             Conj/Fire      19%        2d4       45%         4
 Animate Armour           Summ/Erth      12%        N/A       67%         4
 Animate Dead             Necr           6%         N/A       67%         4
 Dispel Undead            Necr           6%         3d8       67%         4
 Ice Form                 Ice/Tmut       6%         N/A       67%         4
 Agony                    Necr           6%         N/A       95%         5
 Blade Hands              Tmut           3%         N/A       95%         5
 Yara's Violent Unravell  Hex/Tmut       3%         3d4       95%         5
 Summon Cactus Giant      Summ           3%         N/A       100%        6
 Enfeeble                 Hex            3%         N/A       100%        7
 Haunt                    Necr/Summ      3%         N/A       100%        7
 Infestation              Necr           3%         N/A       100%        8
 Lehudib's Crystal Spear  Conj/Erth      6%         10d3      100%        8

Inventory:

Hand Weapons
 s - a +2 sling of freezing
 X - the +6 quarterstaff "Watei" {drain, Str+4}
   (You found it on level 1 of the Lair of Beasts)

   Str:       It affects your strength (+4).
Missiles
 w - 6 silver javelins
 E - a throwing net {=f}
Armour
 a - a +0 robe (worn)
 i - a +2 pair of gloves (worn)
 o - a +0 helmet (worn)
 G - a +0 cloak (worn)
 R - the +2 barding of Beauty (worn) {rN++}
   (You bought it in a shop on level 10 of the Dungeon)

   rN:        It greatly protects you from negative energy.
Magical Staves
 A - a staff of fire (weapon) {!a}
 S - a staff of cold {!a}
Jewellery
 g - an amulet of the acrobat
 l - the ring of Ashenzari's Favour (right hand) {rN+ Will- EV+5 Int+2}
   (You found it on level 4 of the Dungeon)

   [ring of evasion]

   EV:        It affects your evasion (+5).
   Int:       It affects your intelligence (+2).
   rN:        It protects you from negative energy.
   Will:      It decreases your willpower.
 n - the amulet of Vitality (around neck) {RegenMP++ Regen++}
   (You acquired it on level 9 of the Dungeon)

   [amulet of magic regeneration]

   It increases your rate of magic regeneration.
   Regen:     It increases your rate of health regeneration.
 y - a +4 ring of slaying
 I - a +6 ring of intelligence
 K - the ring of Ygop {rPois rF+ Stlth+}
   (You took it off a gnoll on level 7 of the Dungeon)

   [ring of protection from fire]

   rF:        It protects you from fire.
   rPois:     It protects you from poison.
   Stlth:     It makes you more stealthy.
 M - a ring of magical power (left hand)
 Y - a +4 ring of slaying
Wands
 f - a wand of charming (9)
 r - a wand of polymorph (16)
 F - a wand of roots (13)
 J - a wand of acid (7)
 P - a wand of mindburst (4)
Scrolls
 d - 2 scrolls of immolation
 j - 9 scrolls of teleportation {@r2}
 k - a scroll of blinking {unknown}
 m - 2 scrolls of silence {!r}
 x - 2 scrolls of butterflies
 B - 3 scrolls of magic mapping
 D - 2 scrolls of enchant armour
 O - 3 scrolls of poison {unknown}
 T - 2 scrolls of fear
 W - a scroll of amnesia
Potions
 b - a potion of magic
 c - 3 potions of berserk rage {!q}
 e - 5 potions of lignification
 h - 2 potions of attraction
 p - 2 potions of degeneration
 q - 4 potions of flight
 t - 3 potions of haste {@q3}
 u - 11 potions of curing {@q1}
 v - 6 potions of mutation
 z - a potion of cancellation
 C - 2 potions of might
 H - 4 potions of brilliance
 L - 2 potions of heal wounds {@q2}
 N - a potion of invisibility
 U - 2 potions of ambrosia
Miscellaneous
 Q - a tin of tremorstones (2/2)
 V - a piece from Xom's chessboard (15/15)
 Z - a lightning rod (4/4)

Dungeon Overview and Level Annotations

Branches:
Dungeon (13/15)            Temple (1/1) D:5            Lair (5/5) D:11
 Shoals (0/4) Lair:2       Spider (0/4) Lair:2        Slime (0/5) Lair:4
    Orc (0/2) D:11
 Vaults: D:13-14

Altars:
Ashenzari
Cheibriados
Dithmenos
Elyvilon
Fedhas
Gozag
Hepliaklqana
Kikubaaqudgha
Makhleb
Nemelex Xobeh
Okawaru
Qazlal
Ru
Sif Muna
Trog
Uskayaw
Vehumet
Wu Jian
Xom
Yredelemnul
Zin
The Shining One
Jiyva

Shops:
D:2 [ D:10

[:
#..###.....###....
##...###..........#
#...#.##...###....#
#....###....##...##
##>...##...###...##
##...##....###....#
#....^.....P#....##
##...............##
#@...#..........##
##.D..#......#...##
#....##....#.....##
###....#....#.......
#.#...#......##.....
##....##.....##.....
#....###...###....#
#P...##.....##...##
##...#.#...###....#


You could see an eight-headed hydra (unable to see you).


Message History

Okay, then.
Aiming: Fastroot
Press: ? - help, Shift-Dir - straight line The roots erupt in riotous growth!
Roots grab the eight-headed hydra.
The grasping roots constrict the eight-headed hydra.
The eight-headed hydra bites you!
* * * LOW HITPOINT WARNING * * *
The eight-headed hydra bites you but does no damage. x2
The eight-headed hydra barely misses you.
The eight-headed hydra closely misses you.
The eight-headed hydra bites you.
* * * LOW HITPOINT WARNING * * *
The eight-headed hydra bites you.
* * * LOW HITPOINT WARNING * * *
The eight-headed hydra bites you!
* * * LOW HITPOINT WARNING * * *
The grasping roots constrict the eight-headed hydra!!
The roots release their grip on the eight-headed hydra.
Okay, then.
You fade into invisibility!
The eight-headed hydra completely misses you.
The eight-headed hydra bites you but does no damage. x2
The eight-headed hydra bites you!
* * * LOW HITPOINT WARNING * * *
The eight-headed hydra misses you. The eight-headed hydra bites you!
* * * LOW HITPOINT WARNING * * *
The eight-headed hydra bites you but does no damage.
The eight-headed hydra bites you.
You die...

Skill      XL: |  1  2  3  4  5  6  7  8  9 10 11 12 13 14 |
---------------+-------------------------------------------+-----
Air Magic      | 4 5 6 7 9 11 12 13 14 15 16 | 16.2
Fighting       | 1 2 3 5 9 10 | 10.0
Ranged Weapons | 1 3 |  3.0
Spellcasting   | 3 4 6 |  6.5
Stealth        | 5 7 |  7.0
Dodging        | 3 5 6 8 10 | 10.0
Invocations    | 2 5 6 |  6.0
Evocations     | 1 4 |  4.0
Armour         | 2 4 |  4.0
Conjurations   | 2 |  2.8

Action                   |  1- 3 |  4- 6 |  7- 9 | 10-12 | 13-15 || total
-------------------------+-------+-------+-------+-------+-------++-------
Melee: Unarmed           |    33 |     1 |       |       |       ||    34
       Punch             |     1 |       |       |       |       ||     1
       Staff             |       |       |    17 |       |    17 ||    34
       Constrict         |       |       |       |       |     4 ||     4
 Fire: Sling             |       |    39 |    33 |     1 |     2 ||    75
 Cast: Shock             |    61 |   104 |    20 |    91 |    43 ||   319
       Airstrike         |       |     3 |    91 |   281 |   223 ||   598
       Swiftness         |       |       |     4 |     4 |     6 ||    14
       Static Discharge  |       |       |       |    43 |    87 ||   130
       Poisonous Vapours |       |       |       |       |    42 ||    42
       Arcjolt           |       |       |       |       |    25 ||    25
       Summon Cactus Gia |       |       |       |       |     2 ||     2
Invok: Channel Magic     |       |       |       |     1 |     1 ||     2
       Divine Exegesis   |       |       |       |       |     2 ||     2
 Abil: Spit Poison       |       |       |       |       |     1 ||     1
Evoke: Wand              |       |       |       |    16 |     2 ||    18
  Use: Potion            |     1 |       |     2 |     4 |     1 ||     8
       Scroll            |     2 |       |     5 |    13 |     7 ||    27
Armor: Robe              |    13 |    20 |    56 |    54 |   120 ||   263
Dodge: Dodged            |    36 |    34 |    54 |   143 |   179 ||   446

Levels and vault maps discovered:
D:1:      evilmike_arrival_hilbert_curve, layout_basic,
          ebering_ecumenical_altar_mist, chequers_serial_rivers_micro_d
D:2:      layout_loops_corners, serial_shops, nicolae_shop_overgrown_old_shop,
          basic_altar, uniq_natasha
D:3:      layout_loops_ring, nicolae_ru_awakened_eye,
          nicolae_gozag_cash_rules_everything_around_me
D:4:      layout_basic, minmay_misc_feat_tiny
D:5:      layout_basic, overflow_temple_1_default,
          gammafunk_temple_overflow_elements, elyvilon_altar_5,
          minmay_temple_entry_hall, kennysheep_potato
D:6:      minmay_recursive_quarters, layout_rooms,
          mainiacjoe_overflow_tiny_flanked, nicolae_kikubaaqudgha_miasma_corner,
          uniq_crazy_yiuf_cottage, uniq_blork_the_orc, uniq_sigmund,
          uniq_prince_ribbit1
D:7:      layout_cave_pods, lemuel_coloured_pillars_altar,
          gammafunk_ghost_gnarly_gnolls, uniq_joseph
D:8:      layout_gridville, mainiacjoe_overflow_alcove_4,
          nicolae_hepliaklqana_hazy_memory, ebering_ghost_disaster_area
D:9:      layout_irregular_city, abandoned_shop, chequers_serial_rivers_micro_a
D:10:     layout_small_grid, lemuel_crystal_altar, nicolae_water_bricks,
          nicolae_shop_i_like_big_books, nicolae_barding_shop
D:11:     layout_basic, dpeg_oklobed_lair, minmay_misc_feat_diagonals
D:12:     layout_long_grid
D:13:     layout_irregular_city, grunt_vaults_entry_tiered, uniq_urug
Temple:   compressed_dpeg_circular_temple
Lair:1:   layout_regular_city, nicolae_quartered_pool_little
Lair:2:   layout_gridlike, elwin_shoals_entry_stream,
          spider_nest_entry_funnel_web, nzn_random_ring, lemuel_fruit_fields
Lair:3:   layout_hall_layers, hangedman_lair_unloving_vines
Lair:4:   layout_concentric_octagons, minmay_slime_entry_jelly_boxes,
          chequers_serial_rivers_micro_c
Lair:5:   hellmonk_lair_end_abyssal_woods, layout_loops_ring,
          gammafunk_ghost_hydra_chop, st_stairs_10, serial_bayou_shore_b,
          grunt_megastairs_3, serial_bayou_shore_b

Notes
Turn   | Place    | Note
-------+----------+-------------------------------------------
     0 | D:1      | quinnr the Naga Air Elementalist began the quest for the
                  | Orb.
     0 | D:1      | Reached XP level 1. HP: 15/15 MP: 3/3
   207 | D:1      | Found a faded altar of an unknown god.
  1071 | D:2      | Found Kaxtoss's Antique Armour Shop.
  1075 | D:2      | Reached XP level 2. HP: 22/22 MP: 0/5
  1558 | D:2      | Reached skill level 4 in Air Magic
  1558 | D:2      | Reached XP level 3. HP: 22/28 MP: 0/6
  1919 | D:2      | Learned a level 3 spell: Swiftness
  1974 | D:2      | Noticed Natasha
  2038 | D:2      | Reached XP level 4. HP: 33/36 MP: 2/7
  2286 | D:2      | Reached skill level 5 in Air Magic
  2311 | D:2      | Killed Natasha
  2557 | D:2      | Found a broken altar of Ashenzari.
  3314 | D:3      | Reached XP level 5. HP: 42/42 MP: 8/8
  3472 | D:3      | Found an opulent altar of Gozag.
  3756 | D:3      | Found a sacrificial altar of Ru.
  4095 | D:3      | Learned a level 4 spell: Airstrike
  4194 | D:3      | Reached skill level 6 in Air Magic
  4194 | D:3      | Reached skill level 1 in Fighting
  4327 | D:4      | Noticed an ogre
  4334 | D:4      | Killed an ogre
  4335 | D:4      | Reached XP level 6. HP: 52/52 MP: 0/9
  4429 | D:4      | Reached skill level 2 in Fighting
  4967 | D:4      | Reached skill level 1 in Ranged Weapons
  4967 | D:4      | Reached skill level 3 in Spellcasting
  5003 | D:4      | Reached XP level 7. HP: 58/60 MP: 11/11
  5300 | D:4      | Identified the ring of Ashenzari's Favour {rN+ Will- EV+5
                  | Int+2}
  5437 | D:5      | Entered Level 5 of the Dungeon
  5686 | D:5      | Found a sparkling altar of Nemelex Xobeh.
  5702 | D:5      | Reached skill level 2 in Ranged Weapons
  5702 | D:5      | Reached skill level 4 in Stealth
  5818 | D:5      | Found a glowing golden altar of the Shining One.
  5818 | D:5      | Found a shadowy altar of Dithmenos.
  6072 | D:5      | Found a staircase to the Ecumenical Temple.
  6081 | Temple   | Entered the Ecumenical Temple
  6185 | Temple   | Became a worshipper of Sif Muna the Loreminder
  6387 | D:5      | Found a white marble altar of Elyvilon.
  6448 | D:5      | Reached skill level 7 in Air Magic
  6589 | D:5      | Noticed a troll
  7207 | D:5      | Killed a troll
  7208 | D:5      | Reached skill level 3 in Ranged Weapons
  7208 | D:5      | Reached skill level 5 in Stealth
  7208 | D:5      | Reached skill level 4 in Spellcasting
  7208 | D:5      | Reached XP level 8. HP: 67/67 MP: 10/14
  7294 | D:5      | Reached skill level 6 in Stealth
  7491 | D:6      | Found a hide-covered altar of Uskayaw.
  7666 | D:5      | Reached skill level 7 in Stealth
  7735 | D:6      | Reached skill level 8 in Air Magic
  8024 | D:6      | Reached skill level 9 in Air Magic
  8044 | D:5      | Reached XP level 9. HP: 40/73 MP: 1/15
  8269 | D:6      | Noticed Blork the orc
  8277 | D:6      | Killed Blork the orc
  8464 | D:6      | Found an ancient bone altar of Kikubaaqudgha.
  8480 | D:6      | Reached skill level 3 in Fighting
  8691 | D:6      | Identified the +1 pair of boots of the Great Game {Int+4
                  | Dex-4}
  8832 | D:6      | Reached skill level 5 in Spellcasting
  9122 | D:6      | Noticed Sigmund
  9126 | D:6      | Killed Sigmund
  9176 | D:6      | Noticed Prince Ribbit
  9178 | D:6      | Killed Prince Ribbit
  9179 | D:6      | Reached skill level 10 in Air Magic
  9273 | D:6      | Found a runed translucent door.
  9274 | D:6      | Noticed Crazy Yiuf
  9327 | D:6      | Reached skill level 6 in Spellcasting
  9437 | D:6      | Reached * piety under Sif Muna
  9708 | D:6      | Killed Crazy Yiuf
  9823 | D:7      | Noticed Joseph
  9827 | D:7      | Killed Joseph
  9828 | D:7      | Reached skill level 11 in Air Magic
  9828 | D:7      | Reached XP level 10. HP: 75/84 MP: 11/19
 10004 | D:7      | Found a transporter.
 10257 | D:7      | Found an iron altar of Okawaru.
 10285 | D:7      | Found a transporter.
 10288 | D:7      | Identified the +0 kite shield "Oneskaudo" {MP+9 Dex+3}
 10636 | D:7      | Identified the ring of Ygop {rPois rF+ Stlth+}
 10638 | D:7      | Noticed drugrobin's ghost (novice DgDe)
 10790 | D:7      | Learned a level 2 spell: Static Discharge
 11193 | D:7      | HP: 6/84 [drugrobin's ghost (12)]
 11373 | D:7      | Killed drugrobin's ghost
 11374 | D:7      | Reached skill level 12 in Air Magic
 11520 | D:7      | Reached skill level 4 in Fighting
 11529 | D:7      | HP: 7/85 [gnoll sergeant/+2 spear of venom (9)]
 12110 | D:7      | Reached skill level 2 in Dodging
 12426 | D:8      | Found a hazy altar of Hepliaklqana.
 12673 | D:8      | Found a large runed translucent door.
 12673 | D:8      | Found a large runed translucent door.
 12674 | D:8      | Noticed Dittersdorf's ghost (novice GrFi)
 12709 | D:8      | Noticed a two-headed ogre
 12715 | D:8      | Killed a two-headed ogre
 12716 | D:8      | Reached skill level 5 in Fighting
 12716 | D:8      | Reached skill level 3 in Dodging
 12868 | D:8      | Found a radiant altar of Vehumet.
 13006 | D:8      | Reached skill level 1 in Invocations
 13496 | D:8      | Killed Dittersdorf's ghost
 13497 | D:8      | Reached skill level 2 in Invocations
 13497 | D:8      | Reached skill level 1 in Evocations
 13497 | D:8      | Reached XP level 11. HP: 64/94 MP: 1/20
 13657 | D:9      | Identified a scroll of acquirement
 13657 | D:9      | Acquired the amulet of Vitality {RegenMP++ Regen++}
 13657 | D:9      | Found the amulet of Vitality {RegenMP++ Regen++}
 13753 | D:9      | Reached skill level 2 in Evocations
 13763 | D:9      | Reached ** piety under Sif Muna
 13792 | D:9      | Reached skill level 4 in Dodging
 13792 | D:9      | Reached skill level 3 in Invocations
 14121 | D:9      | Reached skill level 3 in Evocations
 14591 | D:9      | Noticed a two-headed ogre
 14595 | D:9      | Killed a two-headed ogre
 14596 | D:9      | Reached skill level 4 in Invocations
 14791 | D:10     | Entered Level 10 of the Dungeon
 14836 | D:10     | Found a snail-covered altar of Cheibriados.
 14862 | D:10     | Found Olairphu's Specialty Armours.
 14864 | D:10     | Reached skill level 13 in Air Magic
 14876 | D:10     | Bought the +2 barding of Beauty {rN++} for 656 gold pieces
 14985 | D:10     | Noticed a green ugly thing
 14999 | D:10     | Killed a green ugly thing
 15000 | D:10     | Reached skill level 1 in Armour
 15000 | D:10     | Reached skill level 5 in Dodging
 15000 | D:10     | Reached skill level 4 in Evocations
 15533 | D:10     | Found Kaept's Tremendous Tomes.
 15770 | D:11     | Noticed a manticore
 15774 | D:11     | Killed a manticore
 15775 | D:11     | Reached skill level 5 in Invocations
 15814 | D:11     | Reached *** piety under Sif Muna
 15815 | D:11     | Reached skill level 2 in Armour
 15913 | D:11     | Found a staircase to the Orcish Mines.
 16092 | D:11     | Found a staircase to the Lair.
 16092 | D:11     | Noticed an oklob plant
 16283 | D:11     | Noticed a manticore
 16293 | D:11     | Killed a manticore
 16294 | D:11     | Reached XP level 12. HP: 91/103 MP: 2/21
 17002 | D:12     | Reached skill level 3 in Armour
 17002 | D:12     | Reached skill level 6 in Invocations
 17260 | D:12     | Noticed a two-headed ogre
 17264 | D:12     | Killed a two-headed ogre
 17265 | D:12     | Reached skill level 6 in Dodging
 17608 | D:12     | Reached skill level 4 in Armour
 17720 | D:12     | Reached skill level 14 in Air Magic
 17906 | D:13     | Noticed a seven-headed hydra
 17911 | D:13     | Killed a seven-headed hydra
 17912 | D:13     | Reached skill level 6 in Fighting
 18013 | D:13     | Reached skill level 7 in Fighting
 18193 | D:13     | Noticed a six-headed hydra
 18198 | D:13     | Killed a six-headed hydra
 18387 | D:13     | Noticed a centaur warrior
 18486 | D:13     | Noticed Urug
 18493 | D:13     | Killed Urug
 18494 | D:13     | Reached skill level 8 in Fighting
 18593 | D:13     | Noticed a two-headed ogre
 18597 | D:13     | Killed a two-headed ogre
 18644 | D:13     | Killed a centaur warrior
 18739 | Lair:1   | Entered Level 1 of the Lair of Beasts
 18785 | Lair:1   | Reached skill level 9 in Fighting
 18809 | Lair:1   | Reached **** piety under Sif Muna
 18810 | Lair:1   | Gained mutation: You can use your snake-like lower body to
                  | constrict enemies. [Naga growth]
 18810 | Lair:1   | Reached XP level 13. HP: 112/121 MP: 15/22
 18942 | Lair:1   | Reached skill level 10 in Fighting
 19185 | Lair:1   | Identified the +6 quarterstaff "Watei" {drain, Str+4}
 19880 | Lair:2   | Found a hole to the Spider Nest.
 19894 | Lair:2   | Reached skill level 7 in Dodging
 20189 | Lair:2   | Reached ***** piety under Sif Muna
 20428 | Lair:2   | Reached skill level 15 in Air Magic
 20472 | Lair:2   | Received a gift from Sif Muna
 20498 | Lair:2   | Got Sif Muna's Annotations on Incandescent Transmigration
                  | {god gift}
 20593 | Lair:2   | Found a staircase to the Shoals.
 20913 | Lair:3   | Reached skill level 8 in Dodging
 21073 | Lair:3   | Got the Omnibus of Weather
 21080 | Lair:3   | Learned a level 5 spell: Arcjolt
 21083 | Lair:3   | Learned a level 2 spell: Poisonous Vapours
 21209 | Lair:3   | Reached XP level 14. HP: 132/132 MP: 17/23
 21512 | Lair:3   | Reached skill level 9 in Dodging
 21601 | Lair:3   | Reached skill level 16 in Air Magic
 22196 | Lair:4   | Reached skill level 10 in Dodging
 22329 | Lair:4   | Reached skill level 2 in Conjurations
 22566 | Lair:4   | Found a staircase to the Slime Pits.
 22566 | Lair:4   | Found a viscous altar of Jiyva.
 22971 | Lair:5   | Entered Level 5 of the Lair of Beasts
 23003 | Lair:4   | HP: 4/132 [eight-headed hydra (12)]
 23003 | Lair:4   | Slain by an eight-headed hydra

Vanquished Creatures
  A centaur warrior (D:13)
  6 hydras
  4 two-headed ogres
  9 death yaks
  Urug (D:13)
  The ghost of Dittersdorf the Fighter, a novice GrFi of Okawaru (D:8)
  The ghost of drugrobin the Martial Artist, a novice DgDe (D:7)
  2 ugly things
  A wolf spider (Lair:2)
  An oklob plant (D:11)
  2 deep elf pyromancers (D:12)
  3 manticores
  2 merfolk sirens (Lair:2)
  4 elephants (Lair:4)
  A gargoyle (D:13)
  3 black mambas
  6 cane toads
  Joseph (D:7)
  2 unseen horrors (D:12)
  A rime drake (Lair:4)
  6 komodo dragons
  2 merfolk (Lair:2)
  2 polar bears (Lair:4)
  5 trolls
  Prince Ribbit (D:6)
  2 hornets
  22 blink frogs
  4 slime creatures (D:12)
  Sigmund (D:6)
  A dream sheep (Lair:2)
  A wraith (D:9)
  A shadow (D:9)
  4 culicivoras (Lair:2)
  4 wyverns
  A fire elemental (Lair:2)
  3 vampires
  55 yaks
  5 basilisks
  4 humans (D:13)
  A steam dragon (D:9)
  2 vampire mosquitoes (D:11)
  9 water moccasins
  An acid dragon (D:7)
  3 orc warriors
  A black bear (Lair:2)
  4 ice beasts (D:6)
  2 sky beasts (D:7)
  An ogre (D:4)
  3 phantoms
  10 centaurs
  3 necrophages
  Blork the orc (D:6)
  3 kobold brigands
  13 bullfrogs
  A scorpion (D:4)
  4 gnoll sergeants (D:7)
  19 killer bees
  2 electric eels
  2 howler monkeys
  13 jellies
  Crazy Yiuf (D:6)
  6 hounds (D:5)
  6 orc priests
  A gnoll bouda (D:7)
  6 iguanas
  14 orc wizards
  Natasha (D:2)
  7 gnolls (D:7)
  15 adders
  A white imp (D:6)
  2 worms (D:3)
  2 dart slugs
  31 orcs
  5 endoplasms
  2 giant cockroaches
  2 goblins (D:2)
  5 hobgoblins
  5 jackals (D:2)
  2 quokkas
  3 ball pythons
  3 bats
  6 frilled lizards
  19 kobolds
  4 rats
423 creatures vanquished.

Vanquished Creatures (collateral kills)
  An elephant (Lair:4)
  A water moccasin (Lair:4)
  3 jellies (Lair:4)
5 creatures vanquished.

Vanquished Creatures (others)
  An orc (D:8)
  A fire vortex (Lair:2)
  17 fungi
  45 plants
64 creatures vanquished.

Grand Total: 492 creatures vanquished

Table legend: (Time is in decaauts)
 A = Elapsed time spent in this place.
 B = Non-inter-level travel time spent in this place.
 C = Inter-level travel time spent in this place.
 D = Time resting spent in this place.
 E = Time spent auto-exploring this place.
 F = Levels seen in this place.
 G = Mean time per level.
                   A        B        C        D        E       F      G
               +--------+--------+--------+--------+--------+-----+--------+
         Total |  28238 |  26743 |   1495 |   3794 |  19071 |  19 | 1486.2 |
       Dungeon |  22588 |  21323 |   1265 |   3581 |  14937 |  13 | 1737.5 |
        Temple |    200 |    162 |     38 |      0 |    100 |   1 |  200.0 |
          Lair |   5449 |   5258 |    191 |    213 |   4032 |   5 | 1089.8 |
               +--------+--------+--------+--------+--------+-----+--------+

Top non-repeatable levels by time:
     D:5: 2935 daAuts
     D:7: 2849 daAuts
     D:2: 2212 daAuts
     D:6: 1951 daAuts
  Lair:2: 1647 daAuts
     D:3: 1617 daAuts
     D:8: 1579 daAuts
    D:11: 1560 daAuts
     D:9: 1530 daAuts
     D:1: 1528 daAuts
     D:4: 1374 daAuts
  Lair:3: 1312 daAuts
  Lair:4: 1277 daAuts
    D:12: 1247 daAuts
  Lair:1: 1207 daAuts

Table legend:
 A = Non-vault XP
 B = Vault XP
 C = Vault XP percentage of total XP
 D = Non-vault monster count
 E = Vault monster count
 F = Vault count percentage of total count
                 A         B        C        D         E       F
            +---------+---------+-------+---------+---------+-------
      Total |   59537 |   13525 |  18.5 |     356 |      72 |  16.8
            +---------+---------+-------+---------+---------+-------
        D:1 |       9 |       0 |   0.0 |       6 |       0 |   0.0
        D:2 |     107 |      35 |  24.6 |      28 |       1 |   3.4
        D:3 |     118 |       0 |   0.0 |      27 |       0 |   0.0
        D:4 |     358 |       0 |   0.0 |      14 |       0 |   0.0
        D:5 |     658 |     495 |  42.9 |      15 |       4 |  21.1
        D:6 |    1216 |    1177 |  49.2 |      25 |      11 |  30.6
        D:7 |     883 |    1645 |  65.1 |       9 |      14 |  60.9
        D:8 |    1885 |     782 |  29.3 |      26 |       1 |   3.7
        D:9 |    3902 |       0 |   0.0 |      34 |       0 |   0.0
       D:10 |    2655 |     108 |   3.9 |      15 |       1 |   6.2
       D:11 |    2718 |     542 |  16.6 |      13 |       1 |   7.1
       D:12 |    5125 |       0 |   0.0 |      17 |       0 |   0.0
       D:13 |    5231 |    1561 |  23.0 |      11 |       5 |  31.2
     Lair:1 |    3880 |       0 |   0.0 |      20 |       0 |   0.0
     Lair:2 |    7896 |    6615 |  45.6 |      30 |      21 |  41.2
     Lair:3 |   13722 |       0 |   0.0 |      39 |       0 |   0.0
     Lair:4 |    9174 |     565 |   5.8 |      27 |      13 |  32.5
            +---------+---------+-------+---------+---------+-------
